 Dungeon Crawl Stone Soup version 0.23-a0-49-gd9f7a49 (webtiles) character file.

1 mhoghedin the Magician (level 1, 0/10 HPs)
             Began as a Kobold Wizard on Aug 7, 2018.
             Slain by a jackal (1 damage)
             ... on level 1 of the Dungeon.
             The game lasted 00:00:39 (51 turns).

mhoghedin the Magician (Kobold Wizard)                Turns: 51, Time: 00:00:39

Health: 0/10       AC:  2    Str:  4    XL:     1   Next: 22%
Magic:  0/4        EV: 15    Int: 19    God:
Gold:   0          SH:  0    Dex: 13    Spells: 5/6 levels left

rFire    . . .     SeeInvis .   c - +0 dagger
rCold    . . .     Gourm    .   (shield restricted)
rNeg     . . .     Faith    .   a - +0 robe
rPois    .         Spirit   .   b - +0 hat
rElec    .         Reflect  .   (no cloak)
rCorr    .         Harm     .   (no gloves)
MR       .....                  (no boots)
Stlth    ++........             (no amulet)
HPRegen  0.03/turn              (no ring)
MPRegen  0.09/turn              (no ring)

@: very slightly contaminated
A: small, carnivore
a: no special abilities


You were on level 1 of the Dungeon.
You were not hungry.

You visited 1 branch of the dungeon, and saw 1 of its levels.

Inventory:

Hand Weapons
 c - a +0 dagger (weapon)
   (You found it on level 1 of the Dungeon)
Armour
 a - a +0 robe (worn)
 b - a +0 hat (worn)
Comestibles
 d - a ration


   Skills:
 + Level 0.1 Fighting
 + Level 0.1 Short Blades
 + Level 2.4 Dodging
 + Level 2.7 Stealth
 - Level 3.2 Spellcasting
 - Level 1.0 Conjurations
   Level 1.0 Summonings
   Level 1.0 Translocations


You had 5 spell levels left.
You knew the following spells:

 Your Spells              Type           Power        Failure   Level  Hunger
a - Magic Dart            Conj           #...         10%         1    None

Your spell library contained the following spells:

 Spells                   Type           Power        Failure   Level  Hunger
 Conjure Flame            Conj/Fire      #.......     36%         3    ###....
 Slow                     Hex            #.......     22%         2    ##.....
 Mephitic Cloud           Conj/Pois/Air  #.......     36%         3    ###....
 Blink                    Tloc           N/A          16%         2    ##.....
 Call Imp                 Summ           #.......     16%         2    ##.....


Dungeon Overview and Level Annotations

Branches:
Dungeon (1/15)

Altars:


Innate Abilities, Weirdness & Mutations

You are small and have problems with some larger weapons.
You are carnivorous and can eat meat at any time.


Message History

Welcome, mhoghedin the Kobold Wizard.
Will you prevail where others failed? Will you find the Orb of Zot?
Found 5 poisoned needles and a dagger.
Found a staircase leading out of the dungeon.
Unknown command.
A jackal comes into view.
The jackal barks!
You hear a bark! x2
A jackal comes into view.
The jackal barely misses you.
A jackal comes into view.
The jackal bites you.
You hit the jackal but do no damage. The jackal misses you.
The jackal barely misses you.
You take 1 damage, and have 9/10 hp.
You closely miss the jackal. The jackal bites you.
You take 2 damage, and have 7/10 hp.
The jackal misses you. The jackal closely misses you.
There is a staircase leading out of the dungeon here.
The jackal bites you.
You take 1 damage, and have 6/10 hp.
The jackal bites the plant but does no damage.
The jackal bites the plant but does no damage.
The jackal bites the plant but does no damage. x2
You see here 5 poisoned needles.
The jackal barely misses you. The jackal misses you.
You see here 3 gold pieces.
The jackal closely misses you. The jackal closely misses you.
The jackal misses you.
You see here a dagger.
c - a dagger The jackal closely misses you.
Wield which item (- for none, * to show all)? (? for menu, Esc to quit)
c - a +0 dagger (weapon)
The jackal closely misses you.
You hit the jackal. The jackal closely misses you.
The jackal pauses to sniff the ground.
The jackal bites you but does no damage.
You aren't carrying any potions.
Aim: a jackal (lightly wounded)
The magic dart hits the jackal.
The jackal bites you but does no damage.
You now have 3/4 mp.
Aim: a jackal (moderately wounded)
The magic dart hits the jackal.
The jackal closely misses you.
You now have 2/4 mp.
Aim: a jackal (moderately wounded)
You miscast Magic Dart.
You are very lightly contaminated with residual magic.
The air around you crackles with energy!
The jackal bites you. The jackal closely misses you.
You take 1 damage, and have 6/10 hp.
You now have 1/4 mp.
Aim: a jackal (moderately wounded)
The magic dart hits the jackal.
The jackal bites you.
* * * LOW HITPOINT WARNING * * *
You take 3 damage, and have 3/10 hp.
MASSIVE DAMAGE!!
You now have 0/4 mp.
You hit the jackal. The jackal barely misses you.
The jackal closely misses you.
You hit the jackal.
You kill the jackal!
The jackal bites you but does no damage.
You aren't carrying any potions.
You closely miss the jackal. The jackal closely misses you.
You hit the jackal but do no damage. The jackal completely misses you.
The jackal barely misses you.
You closely miss the jackal. The jackal completely misses you.
You closely miss the jackal. The jackal barely misses you.
The jackal completely misses you.
You completely miss the jackal. The jackal bites you.
* * * LOW HITPOINT WARNING * * *
You take 1 damage, and have 2/10 hp.
You hit the jackal but do no damage. The jackal misses you.
Aim: a jackal The magic dart hits the jackal.
The jackal bites you.
* * * LOW HITPOINT WARNING * * *
The jackal barely misses you.
You take 1 damage, and have 1/10 hp.
You now have 0/4 mp.
You barely miss the jackal. The jackal misses you.
You barely miss the jackal. The jackal bites you.
You die...

###### ##≈##≈##
##≈P≈≈P≈##
#≈P8PP8P≈#
####≈P..P.####
#.....<.....(# #
#@##≈P..♣.##.# .#
#h#≈P8P♣8♣≈#.##...
#h##≈P≈≈♣≈##.....#
#..##≈##≈##..#####
##..######..##
##....h$...#
######.#..# ##...#
#.#.#


You could see 2 jackals.

Vanquished Creatures
  A jackal (D:1)
1 creature vanquished.

Notes
Turn   | Place    | Note
-------+----------+-------------------------------------------
     0 | D:1      | mhoghedin the Kobold Wizard began the quest for the Orb.
     0 | D:1      | Reached XP level 1. HP: 10/10 MP: 4/4
    47 | D:1      | HP: 2/10 [jackal (1)]
    51 | D:1      | Slain by a jackal

Vault maps used:
D:1:      ldierk_walled_garden_2, minivault_5

Action                   || total
-------------------------++-------
Melee: Dagger            ||    11
       Unarmed           ||     2
 Cast: Magic Dart        ||     4
Armor: Robe              ||     3
Dodge: Dodged            ||    26

Table legend:
 A = Spawn XP
 B = Non-spawn XP
 C = Spawn XP percentage of total XP
 D = Spawn monster count
 E = Non-spawn monster count
 F = Spawn count percentage of total count
 G = Total turns spent on level
                    A         B        C        D         E        F      G
               +---------+---------+-------+---------+---------+-------+---------
         Total |       0 |       2 |   0.0 |       0 |       1 |   0.0 |    51
               +---------+---------+-------+---------+---------+-------+---------
           D:1 |       0 |       2 |   0.0 |       0 |       1 |   0.0 |    51
               +---------+---------+-------+---------+---------+-------+---------

Vault maps used:
D:1:      ldierk_walled_garden_2, minivault_5

Table legend:
 A = Turns spent in this place as a percentage of turns spent in the entire game.
 B = Non-inter-level travel turns spent in this place as a percentage of non-inter-level travel turns spent in the entire game.
 C = Inter-level travel turns spent in this place as a percentage of turns spent in this place.
 D = Turns resting spent in this place as a percentage of non-inter-level travel turns spent in this place.
 E = Turns spent auto-exploring this place as a percentage of non-inter-level travel turns spent in this place.
 F = Non-inter-level travel turns spent in this place divided by the number of levels of this place that you've seen.
                   A       B       C       D       E      F
               +-------+-------+-------+-------+-------+----------------------
         Total | 100.0 | 100.0 |   0.0 |   0.0 |   0.0 |  51.0
       Dungeon | 100.0 | 100.0 |   0.0 |   0.0 |   0.0 |  51.0
               +-------+-------+-------+-------+-------+----------------------

Table legend:
 A = Kills in this place as a percentage of kills in entire the game.
 B = Kills by you in this place as a percentage of kills by you in the entire game.
 C = Kills by friends in this place as a percentage of kills by friends in the entire game.
 D = Other kills in this place as a percentage of other kills in the entire game.
 E = Experience gained in this place as a percentage of experience gained in the entire game.
 F = Experience gained in this place divided by the number of levels of this place that you have seen.
                   A       B       C       D       E      F
               +-------+-------+-------+-------+-------+----------------------
         Total | 100.0 | 100.0 |   N/A |   N/A | 100.0 |   2.0
       Dungeon | 100.0 | 100.0 |   N/A |   N/A | 100.0 |   2.0
               +-------+-------+-------+-------+-------+----------------------
